 Dungeon Crawl Stone Soup version 0.26-a0-651-gb41185065b (webtiles) character file.

Game seed: 3531689512362622150

3 Ozzies the Skirmisher (level 1, 0/14 HPs)
             Began as a Gargoyle Fighter on Oct 7, 2020.
             Slain by a leopard gecko (3 damage)
             ... on level 1 of the Dungeon.
             The game lasted 00:00:11 (80 turns).

Ozzies the Skirmisher (Gargoyle Fighter)              Turns: 80, Time: 00:00:12

Health: 0/14       AC:  9    Str: 19    XL:     1   Next: 50%
Magic:  1/1        EV:  7    Int:  8    God:
Gold:   29         SH:  9    Dex:  9    Spells: 0/0 levels left

rFire    . . .     SeeInvis .   a - +0 flail
rCold    . . .     Faith    .   c - +0 kite shield
rNeg     + . .     Spirit   .   b - +0 scale mail
rPois    ∞         Reflect  .   (no helmet)
rElec    +         Harm     .   (no cloak)
rCorr    .         Rampage  .   (no gloves)
MR       .....                  (no boots)
Stlth    ..........             (no amulet)
HPRegen  0.04/turn              (no ring)
MPRegen  0.07/turn              (no ring)

@: no status effects
A: negative energy resistance 1, electricity resistance, unbreathing,
petrification resistance, rot immunity, AC +2
a: no special abilities


You were on level 1 of the Dungeon.
You visited 1 branch of the dungeon, and saw 1 of its levels.

You collected 29 gold pieces.

Inventory:

Hand Weapons
 a - a +0 flail (weapon)
Armour
 b - a +0 scale mail (worn)
 c - a +0 kite shield (worn)
Scrolls
 e - a scroll of teleportation {unknown}
Potions
 d - a potion of might {@q3 !q}


   Skills:
 + Level 3.5 Fighting
 - Level 2.0 Maces & Flails
 - Level 3.2 Armour
 - Level 3.2 Shields


You couldn't memorise any spells.
You didn't know any spells.
Your spell library was empty.

Dungeon Overview and Level Annotations

Branches:
Dungeon (1/15)

Altars:


Innate Abilities, Weirdness & Mutations

You are resistant to torment.
Your stone body is resilient. (AC +2)
You are immune to poison.
You resist negative energy. (rN+)
You are resistant to electric shocks. (rElec)
You can survive without breathing.
You are immune to petrification.
You are immune to rotting.


Message History

No target in view!
No target in view!
No target in view!
No target in view!
No target in view!
A kobold comes into view.
It is wielding a +1 short sword of freezing.
Found a stone staircase leading down.
A kobold is nearby!
A kobold is nearby!
A kobold is nearby!
A kobold is nearby!
A ball python comes into view.
The ball python hisses angrily.
You hear an angry hiss.
A leopard gecko comes into view.
The kobold hits you with a +1 short sword of freezing.
The kobold freezes you.
Found 10 stones.
You barely miss the ball python. You block the ball python's attack.
The ball python grabs you. The ball python constricts you.
You block the kobold's attack.
You sock the ball python!
You kill the ball python!
The kobold hits you with a +1 short sword of freezing.
The kobold freezes you. The kobold barely misses you.
You closely miss the leopard gecko. You block the leopard gecko's attack.
The kobold barely misses you.
The leopard gecko bites you but does no damage.
You miss the leopard gecko. The kobold hits you but does no damage.
The leopard gecko bites you but does no damage.
You barely miss the leopard gecko. You block the leopard gecko's attack.
The kobold closely misses you.
The leopard gecko bites you but does no damage.
The kobold barely misses you.
You miss the leopard gecko. You block the leopard gecko's attack.
The kobold barely misses you.
The leopard gecko bites you but does no damage.
You closely miss the leopard gecko. The kobold barely misses you.
The leopard gecko barely misses you. The kobold completely misses you.
You miss the leopard gecko. You block the leopard gecko's attack.
You block the kobold's attack.
The leopard gecko bites you but does no damage.
You miss the leopard gecko. The leopard gecko closely misses you.
The kobold hits you but does no damage. You block the leopard gecko's attack.
You closely miss the leopard gecko. You block the kobold's attack.
The leopard gecko closely misses you.
The kobold hits you with a +1 short sword of freezing.
The kobold freezes you.
You are too injured to fight recklessly!
You are too injured to fight recklessly!
You are too injured to fight recklessly!
You are too injured to fight recklessly!
You are too injured to fight recklessly!
You are too injured to fight recklessly!
You are too injured to fight recklessly!
You are too injured to fight recklessly!
You are too injured to fight recklessly!
You are too injured to fight recklessly!
You are too injured to fight recklessly!
You are too injured to fight recklessly!
You are too injured to fight recklessly!
You are too injured to fight recklessly!
You are too injured to fight recklessly!
You are too injured to fight recklessly!
You are too injured to fight recklessly!
You barely miss the kobold.
The leopard gecko bites you but does no damage.
The kobold barely misses you. You block the leopard gecko's attack.
You closely miss the kobold. You block the leopard gecko's attack.
The kobold hits you but does no damage. You block the leopard gecko's attack.
The kobold hits you but does no damage.
You hit the kobold but do no damage. You block the leopard gecko's attack.
The kobold hits you with a +1 short sword of freezing.
The kobold freezes you.
You closely miss the kobold. You block the leopard gecko's attack.
The kobold hits you but does no damage. You block the leopard gecko's attack.
You barely miss the kobold. The kobold barely misses you.
The leopard gecko closely misses you. You block the kobold's attack.
You block the leopard gecko's attack.
You closely miss the kobold.
The leopard gecko bites you but does no damage.
The kobold hits you but does no damage.
You hit the kobold but do no damage. The leopard gecko barely misses you.
The kobold hits you but does no damage.
The leopard gecko bites you but does no damage.
You block the kobold's attack.
Your shield prevents you from hitting the kobold.
The leopard gecko bites you but does no damage.
You block the kobold's attack. You block the leopard gecko's attack.
You closely miss the kobold. The kobold barely misses you.
The leopard gecko bites you.
You hit the kobold but do no damage. You block the leopard gecko's attack.
The kobold hits you with a +1 short sword of freezing.
* * * LOW HITPOINT WARNING * * *
The kobold freezes you.
* * * LOW HITPOINT WARNING * * *
The leopard gecko bites you but does no damage.
You block the kobold's attack.
Your scale mail prevents you from hitting the kobold.
The leopard gecko bites you.
You die...

####### #.....#####
#.#.......( #
#######.#........
########.........l......
+........#####..@K......
#######..# #..###..... #
#..>#..# .....# ...
###.#....#....#.. .
....#...#####.#>##
#†......... .....
#.#############.#
#.#.##..○☼≈..##.#
....#...☼§..≈.#


You could see a leopard gecko and a kobold.

Vanquished Creatures
  A ball python (D:1)
  A giant cockroach (D:1)
  A rat (D:1)
3 creatures vanquished.

Notes
Turn   | Place    | Note
-------+----------+-------------------------------------------
     0 | D:1      | Ozzies the Gargoyle Fighter began the quest for the Orb.
     0 | D:1      | Reached XP level 1. HP: 14/14 MP: 1/1
    80 | D:1      | Slain by a leopard gecko

Illustrated notes

Levels and vault maps discovered:
D:1:      shiori_arrival_elements, layout_basic, serial_forest,
          infiniplex_forest_pool, infiniplex_forest_zigzag_1,
          infiniplex_forest_end_1, infiniplex_forest_end_2,
          infiniplex_forest_corner_1, infiniplex_forest_3_way,
          minmay_strange_pillars

Action                   || total
-------------------------++-------
Melee: Flail             ||    23
Armor: Scale mail        ||    16
Dodge: Dodged            ||    15
Block: Kite shield       ||    22

Table legend: (Time is in decaauts)
 A = Elapsed time spent in this place.
 B = Non-inter-level travel time spent in this place.
 C = Inter-level travel time spent in this place.
 D = Time resting spent in this place.
 E = Time spent auto-exploring this place.
 F = Levels seen in this place.
 G = Mean time per level.
                   A        B        C        D        E       F      G
               +--------+--------+--------+--------+--------+-----+--------+
         Total |     88 |     88 |      0 |      0 |     50 |   1 |   88.0 |
       Dungeon |     88 |     88 |      0 |      0 |     50 |   1 |   88.0 |
               +--------+--------+--------+--------+--------+-----+--------+

Top non-repeatable levels by time:
     D:1: 88 daAuts
